 Dungeon Sprint DCSS version 0.30-a0-948-g4fa250aae5 (webtiles) character file.

Game seed: 6575087224455178916

154 rocky1 the Geomancer (level 5, -9/31 HPs)
             Began as a Deep Elf Earth Elementalist on Mar 27, 2023.
             Was an Initiate of Sif Muna.
             Mangled by a fire elemental (10 damage)
             ... summoned by a deep elf pyromancer
             ... in the Dungeon (Sprint III: "The Ten Rune Challenge").
             The game lasted 00:04:08 (396 turns).

rocky1 the Geomancer (Deep Elf Earth Elementalist)   Turns: 396, Time: 00:04:09

Health: -9/31      AC:  2    Str: 11    XL:     5   Next: 13%
Magic:  17/17      EV: 13    Int: 22    God:    Sif Muna [......]
Gold:   36         SH:  0    Dex: 15    Spells: 10/19 levels left

rFire   . . .      SeeInvis .    i - +0 dagger
rCold   . . .      Faith    .    (no shield)
rNeg    . . .      Spirit   .    a - +0 robe
rPois   .          Reflect  .    (no helmet)
rElec   .          Rampage  .    (no cloak)
rCorr   .          NoTele   +    (no gloves)
Will    .....                    (no boots)
Stlth   ++                       (no amulet)
HPRegen 0.25/turn                h - +6 ring of strength
MPRegen 0.15/turn                (no ring)

@: no status effects
A: no striking features
a: Renounce Religion


You were in the Dungeon.
You worshipped Sif Muna.
Sif Muna was noncommittal.
You visited 1 branch You collected 36 gold pieces.

Inventory:

Hand Weapons
 i - a +0 dagger (weapon)
Armour
 a - a +0 robe (worn)
Jewellery
 h - a +6 ring of strength (left hand)
Scrolls
 g - a scroll of blinking
 j - a scroll of torment {unknown}
 k - a scroll of identify {unknown}
 m - a scroll of poison {unknown}
Potions
 b - 3 potions of magic
 c - a potion of curing
 d - a potion of heal wounds
 e - a potion of haste
 f - a potion of berserk rage
 l - 3 potions of flight
 n - 4 potions of mutation


   Skills:
 * Level 2.7 Fighting
 + Level 3.5 Dodging
 - Level 2.4 Stealth
 * Level 7.7 Spellcasting
 * Level 2.2 Conjurations
 - Level 1.1 Transmutations
 * Level 8.7 Earth Magic


You had 10 spell levels left.
You knew the following spells:

 Your Spells              Type           Power      Damage    Failure   Level
a - Sandblast             Erth           92%        2d19      1%          1
b - Stone Arrow           Conj/Erth      64%        3d11      2%          3
c - Plasma Beam           Fire/Air       4%         2x1d15    91%         5

Your spell library contained the following spells:

 Spells                   Type           Power      Damage    Failure   Level
 Passwall                 Tmut/Erth      25%        N/A       1%          2
 Static Discharge         Conj/Air       26%        2-4/arc   8%          2
 Petrify                  Tmut/Erth      30%        N/A       10%         4
 Vhi's Electric Charge    Tloc/Air       16%        N/A       22%         3
 Arcjolt                  Conj/Air       6%         1d16      80%         5
 Malign Gateway           Summ/Tloc      4%         N/A       100%        7
 Summon Horrible Things   Summ           4%         N/A       100%        8


Dungeon Overview and Level Annotations

Branches:
Dungeon (1/1)

Altars:
Elyvilon
Kikubaaqudgha
Sif Muna
Vehumet
Zin
The Shining One


Message History

Okay, then.
This spell is astonishingly dangerous to cast!
Memorise Plasma Beam, consuming 5 spell levels and leaving 10?
You start memorising the spell.
You continue memorising. x5
You finish memorising.
Spell assigned to 'c'.
You open the door.
A deep elf pyromancer comes into view.
It is wielding a +2 long sword of holy wrath.
The deep elf pyromancer shouts!
Found a potion of heal wounds.
Found three altars.
Aiming: Sandblast (safe; 1% risk of failure)
Press: ? - help, Q - select action, (/) - cycle Shift-Dir - straight line, f - deep elf pyromancer
Aim: a deep elf pyromancer, wielding a +2 long sword of holy wrath (79% to hit)
Okay, then.
Aiming: Stone Arrow (dangerous; 2% risk of failure)
Press: ? - help, Q - select action, (/) - cycle Shift-Dir - straight line, f - deep elf pyromancer
Aim: a deep elf pyromancer, wielding a +2 long sword of holy wrath (64% to hit)
The stone arrow hits the deep elf pyromancer!
The deep elf pyromancer is moderately wounded.
The deep elf pyromancer mumbles some strange words.
The fire elemental closely misses you.
The deep elf pyromancer mumbles some strange words.
The deep elf pyromancer mumbles some strange words.
Blink to where?
Press: ? - help, Dir - move target, p - deep elf pyromancer
As you read the scroll of blinking, it crumbles to dust.
The fire elemental hits you. The fire elemental burns you!
The fire elemental hits you. The fire elemental burns you!
* * * LOW HITPOINT WARNING * * *
You feel much better. The fire elemental hits you.
The fire elemental burns you! The fire elemental misses you.
The fire elemental hits you. The fire elemental burns you!
* * * LOW HITPOINT WARNING * * *
You see here a rat skeleton.
The fire elemental hits you. The fire elemental burns you!
* * * LOW HITPOINT WARNING * * *
The fire elemental hits you.
* * * LOW HITPOINT WARNING * * *
The fire elemental burns you!
You die...

▓▓▓▓▓▓▓▓▓ ▓▓▓
▓<..#...#### ##.##
▓...#..☼...#####..#_
▓..##.E☼○○..#..#..#○
▓##.##○##☼○[#..#..##
##@##☼###..##'#..#○
▓#E####☼##..###..°'.
▓E###☼.##○☼####.°°#.
▓#°○E..##.○###.E..#.
###..##...##.○...#.
##..##....#☼E....#)
#..###..##.#.....#.
#..# #..#####....#_
▓▓▓▓ ▓▓▓▓ ▓▓▓▓▓▓▓


You could see 2 fire elementals.

Vanquished Creatures
  A water elemental (D)
  A wizard (D)
  Jessica (D)
  A human (D)
  A kobold demonologist (D)
  A phantom (D)
  An endoplasm (D)
  A rat (D)
8 creatures vanquished.

Notes
Turn   | Place    | Note
-------+----------+-------------------------------------------
     0 | D        | rocky1 the Deep Elf Earth Elementalist began the quest for
                  | the Orb.
     0 | D        | Reached XP level 1. HP: 10/10 MP: 6/6
    33 | D        | Noticed Jessica
    37 | D        | Killed Jessica
    38 | D        | Reached skill level 1 in Fighting
    38 | D        | Reached skill level 5 in Earth Magic
    38 | D        | Reached XP level 2. HP: 16/16 MP: 4/9
   107 | D        | Reached skill level 5 in Spellcasting
   107 | D        | Reached skill level 6 in Earth Magic
   107 | D        | Reached XP level 3. HP: 18/21 MP: 5/11
   124 | D        | Learned a level 3 spell: Stone Arrow
   189 | D        | Noticed a water elemental
   195 | D        | Killed a water elemental
   196 | D        | Reached skill level 1 in Conjurations
   196 | D        | Reached skill level 7 in Earth Magic
   196 | D        | Reached XP level 4. HP: 4/27 MP: 9/14
   301 | D        | Found a radiant altar of Vehumet.
   301 | D        | Found a shimmering blue altar of Sif Muna.
   301 | D        | Found an ancient bone altar of Kikubaaqudgha.
   301 | D        | Noticed a wizard
   303 | D        | Killed a wizard
   304 | D        | Reached skill level 8 in Earth Magic
   304 | D        | Reached XP level 5. HP: 31/31 MP: 12/16
   347 | D        | Became a worshipper of Sif Muna the Loreminder
   363 | D        | Learned a level 5 spell: Plasma Beam
   365 | D        | Found a glowing silver altar of Zin.
   365 | D        | Found a glowing golden altar of the Shining One.
   365 | D        | Found a white marble altar of Elyvilon.
   365 | D        | Noticed a deep elf pyromancer
   367 | D        | Noticed a fire elemental
   369 | D        | Noticed a fire elemental
   370 | D        | Noticed a fire elemental
   393 | D        | HP: 1/31 [fire elemental[a deep elf pyromancer] (9)]
   396 | D        | Mangled by a fire elemental

Illustrated notes

Levels and vault maps discovered:
D:        dungeon_sprint_mu [sprint_mu_entry_cave, sprint_mu_temple_rooms,
          sprint_mu_d1_spiders, sprint_mu_d2_genie, sprint_mu_d3_branching,
          sprint_mu_orc_legion, sprint_mu_elf_gauntlet, sprint_mu_hive_nellie,
          sprint_mu_lair_fedhas, sprint_mu_vaults_butterflies,
          sprint_mu_slime_circle, sprint_mu_swamp_cave, sprint_mu_shoals_archi,
          sprint_mu_blade_basic, sprint_mu_crypt_chambers,
          sprint_mu_tomb_spiral, sprint_mu_vestibule_basic,
          sprint_mu_gehenna_hellfire, sprint_mu_dis_giant,
          sprint_mu_tartarus_statrot, sprint_mu_cocytus_islands, sprint_mu_zot1]

Skill      XL: |  1  2  3  4 |
---------------+-------------+-----
Fighting       | 1 2 |  2.7
Spellcasting   | 4 5 6 7 |  7.7
Earth Magic    | 5 6 7 8 |  8.7
Dodging        | 3 |  3.5
Conjurations   | 1 2 |  2.2
Stealth        | |  2.4
Transmutations | |  1.1

Action                     |  1- 3 |  4- 6 || total
---------------------------+-------+-------++-------
   Cast: Sandblast         |    14 |     4 ||    18
         Stone Arrow       |       |     1 ||     1
    Use: Potion            |     1 |     1 ||     2
         Scroll            |       |     1 ||     1
 Armour: Robe              |       |     4 ||     4
  Dodge: Dodged            |     4 |     2 ||     6

Table legend: (Time is in decaauts)
 A = Elapsed time spent in this place.
 B = Non-inter-level travel time spent in this place.
 C = Inter-level travel time spent in this place.
 D = Time resting spent in this place.
 E = Time spent auto-exploring this place.
 F = Levels seen in this place.
 G = Mean time per level.
                   A        B        C        D        E       F      G
               +--------+--------+--------+--------+--------+-----+--------+
         Total |    404 |    404 |      0 |    201 |     19 |   1 |  404.0 |
       Dungeon |    404 |    404 |      0 |    201 |     19 |   1 |  404.0 |
               +--------+--------+--------+--------+--------+-----+--------+

Top non-repeatable levels by time:
       D: 404 daAuts
